AoeStats
← ThunderboltX

Four Lakes

509730327Analyzed
1v1 RM · 5d ago on Sep 27, 2026· 29m 59s· 2 players
Game mode
Random Map
Map size
Tiny (2 player)
Population
200
Speed
Normal
Resources
Standard
Victory
Conquest
Starting age
Dark Age
Ending age
Imperial Age
RankedLock teamsTeams togetherTeam positionsShared explorationLock speedFull tech treeHidden civsTurbo modeCheats
Victory
Defeat
🇧🇬 Slavs · Bulgaria
2402
+11
🇸🇰 Khmer · Slovakia
2286
-11
The Illusionist
8:26 Loom
10:12 Feudal Age
14:40 Castle Age
ThunderboltX
7:30 Loom
10:07 Feudal Age
10:10 Man-at-Arms
10:39 Double-Bit Axe
14:34 Horse Collar
14:39 Fishing Lines
20:13 Castle Age
19:35 Scale Barding Armor
20:56 Forging
22:14 Husbandry
22:15 Light Cavalry
24:19 Bloodlines
25:12 Light Cavalry
27:14 Bloodlines
28:09 Chain Barding Armor
27:59 Forging
28:20 Bloodlines
29:08 Gillnets
Connection lost

Rejoining the realm…

Still unreachable

The connection could not be restored.

Session expired

The server has moved on; the page needs a fresh start.